 Dungeon Crawl Stone Soup version 0.19.0-2-gae57169 (webtiles) character file.

13419 Gingerlord the Fighter (level 12, -4/133 HPs)
             Began as an Ogre Wanderer on Nov 7, 2016.
             Was a High Priest of Okawaru.
             Slain by a vampire mosquito (10 damage)
             ... on level 2 of the Lair of Beasts.
             The game lasted 00:32:56 (16206 turns).

Gingerlord the Fighter (Ogre Wanderer)             Turns: 16206, Time: 00:32:57

Health: -4/133     AC:  3    Str: 26    XL:     12   Next: 5%
Magic:  17/17      EV: 22    Int:  7    God:    Okawaru [*****.]
Gold:   442        SH:  0    Dex: 22    Spells: 0 memorised, 11 levels left

rFire  + . .     SeeInvis .     B - +3 giant spiked club "Kinihy" {venom, Str+6 Dex+4}
rCold  x . .     Gourm    .     b - +0 robe
rNeg   + . .     Faith    .     (shield currently unavailable)
rPois  .         Spirit   .     z - +0 hat
rElec  .         Reflect  .     s - -1 cloak "Hoti Ari" {Int-5 Dex+6}
rCorr  .         Harm     .     (gloves unavailable)
MR     +....                    (boots unavailable)
Stlth  ++++......               u - amulet of magic regeneration
                                w - ring of fire
                                m - ring of positive energy

@: heroism
A: unfitting armour, tough skin 1
a: Heroism, Finesse, Renounce Religion


You were on level 2 of the Lair of Beasts.
You worshipped Okawaru.
Okawaru was extremely pleased with you.
You were near starving.

You visited 3 branches of the dungeon, and saw 13 of its levels.

You collected 517 gold pieces.
You spent 75 gold pieces at shops.

Inventory:

Hand Weapons
 B - the +3 giant spiked club "Kinihy" (weapon) {venom, Str+6 Dex+4}
   (Okawaru gifted it to you on level 10 of the Dungeon)

   It poisons the flesh of those it strikes.
   It affects your strength (+6).
   It affects your dexterity (+4).
Armour
 b - a +0 robe (worn)
 r - a +0 shield
 s - the -1 cloak "Hoti Ari" (worn) {Int-5 Dex+6}
   (You found it on level 4 of the Dungeon)

   It affects your intelligence (-5).
   It affects your dexterity (+6).
 z - a +0 hat (worn)
Jewellery
 m - a ring of positive energy (left hand)
 u - an amulet of magic regeneration (around neck)
 w - a ring of fire (right hand)
 C - an uncursed ring of fire
Wands
 e - a wand of flame (24/48)
 g - a wand of iceblast (10/15)
 n - a wand of digging (14/24)
Scrolls
 l - 6 scrolls of remove curse
 v - a scroll of enchant armour {unknown}
 x - a scroll of recharging
 y - 2 scrolls of magic mapping {unknown}
 A - a scroll of enchant weapon
 D - a scroll of identify
Potions
 a - a potion of agility
 h - a potion of magic
 i - 2 potions of haste
 j - a potion of brilliance
 q - 2 potions of might
Comestibles
 c - a slice of pizza
 d - 3 bread rations
 k - 5 meat rations
 o - 13 fruits
 t - 3 beef jerkies


   Skills:
 + Level 12.7(17.7) Fighting
 + Level 12.0(17.0) Maces & Flails
 - Level 8.8(13.8) Throwing
 * Level 8.3(13.3) Dodging
 - Level 1.0(6.0) Stealth
 - Level 3.1(8.1) Shields
 + Level 6.7 Invocations


You had 11 spell levels left.
You didn't know any spells.

Dungeon Overview and Level Annotations

Branches:
Dungeon (10/15)            Temple (1/1) D:4            Lair (2/6) D:10
  Swamp: Lair:2-4    Shoals: Lair:2-4     Snake: Lair:2-4    Spider: Lair:2-4
    Orc: D:9-12

Altars:
Ashenzari
Cheibriados
Dithmenos
Elyvilon
Fedhas
Gozag
Hepliaklqana
Kikubaaqudgha
Makhleb
Nemelex Xobeh
Okawaru
Qazlal
Ru
Sif Muna
Trog
Uskayaw
Vehumet
Xom
Yredelemnul
Zin
The Shining One

Shops:
D:8 *


Innate Abilities, Weirdness & Mutations

You are too large for most types of armour.
You have tough skin. (AC +1)


Message History

Press: ? - help, Shift-Dir - straight line The rock shatters into small pieces.
This wand has 14 charges left.
You kill the wolf!
Okawaru accepts your kill. The vampire mosquito barely misses you.
The vampire mosquito completely misses you.
The vampire mosquito barely misses you.
Your porcupine bites the vampire mosquito!
The vampire mosquito is struck by your porcupine's spines.
The vampire mosquito is destroyed!
Okawaru accepts your kill.
Your hippogriff completely misses the vampire mosquito.
Your hippogriff misses the vampire mosquito.
Your hippogriff claws the vampire mosquito!
A vampire mosquito comes into view.
The porcupine barely misses you.
The vampire mosquito closely misses you.
Unknown command.
The vampire mosquito bites you!
You die...

######### #.##.P..#
#.......## #......(.#
##†......## ##
#####rH.......#
#.##.P.y#†..<...#
###....@r........##
##.................#
..............#P..##
...P..†$y............
#.#..................
#......$............
##........P.?.......
####P..#.#.....###
r...........#


You could see 2 vampire mosquitoes, a porcupine, a friendly hippogriff and a
friendly porcupine.

Vanquished Creatures
  2 hydras
  A gargoyle (D:10)
  The ghost of Snicker the Sneak, a novice DsAs (D:5)
  2 spiny frogs (Lair:1)
  2 komodo dragons (Lair:1)
  2 hippogriffs (D:9)
  2 dream sheep
  The ghost of Gingerlord the Skirmisher, an amateur OgWn (D:4)
  A vampire (D:10)
  2 wyverns (D:8)
  17 yaks
  A hungry ghost (D:9)
  Menkaure (D:5)
  2 wargs (D:10)
  3 water moccasins (Lair:1)
  3 porcupines (Lair:1)
  A black bear (Lair:1)
  A hornet zombie (D:9)
  5 orc warriors
  3 ice beasts
  2 sky beasts (D:5)
  4 ogres
  5 wolves (Lair:2)
  3 centaurs
  4 crocodiles
  8 bullfrogs
  5 big kobolds
  A gnoll sergeant (D:10)
  3 scorpions
  7 wights
  An electric eel (D:8)
  3 jellies
  4 crimson imps
  A howler monkey (D:4)
  A quasit (D:9)
  9 orc priests
  4 hounds
  A gnoll shaman (D:6)
  A centaur skeleton (D:8)
  4 iguanas
  8 orc wizards
  14 worker ants
  The ghost of Quazifuji the Skirmisher, a weakling GrWn (D:3)
  A hound skeleton (D:9)
  A worker ant zombie (D:10)
  11 gnolls
  6 adders
  2 shadow imps
  An ooze (D:2)
  2 adder skeletons
  An adder zombie (D:7)
  2 dart slugs
  9 leopard geckos
  23 orcs
  A ball python (D:3)
  A giant cockroach (D:1)
  8 goblins
  9 hobgoblins
  6 jackals
  25 kobolds
  2 quokkas
  3 bats
  3 frilled lizards
  A quokka skeleton (D:6)
  A quokka zombie (D:5)
  6 rats
272 creatures vanquished.

Vanquished Creatures (collateral kills)
  A vampire mosquito (Lair:2)
1 creature vanquished.

Vanquished Creatures (others)
  A plant (D:8)
1 creature vanquished.

Grand Total: 274 creatures vanquished

Notes
Turn   | Place    | Note
-------+----------+-------------------------------------------
     0 | D:1      | Gingerlord the Ogre Wanderer began the quest for the Orb.
     0 | D:1      | Gingerlord set off with: a +2 mace, a +0 robe, a scroll of teleportation, a bread ration
     0 | D:1      | Reached XP level 1. HP: 29/29 MP: 1/1
   386 | D:1      | Reached XP level 2. HP: 37/37 MP: 2/2
  1077 | D:2      | Reached XP level 3. HP: 42/45 MP: 3/3
  1089 | D:2      | Reached skill level 1 in Dodging
  1226 | D:2      | Found a glowing golden altar of the Shining One.
  1229 | D:2      | Found a blossoming altar of Fedhas.
  1232 | D:2      | Found a deep blue altar of Sif Muna.
  1235 | D:2      | Found a sacrificial altar of Ru.
  1724 | D:2      | Reached XP level 4. HP: 3/53 MP: 4/4
  2560 | D:3      | Noticed Quazifuji's ghost (weakling GrWn)
  3037 | D:2      | Reached XP level 5. HP: 29/62 MP: 5/5
  3357 | D:2      | Reached skill level 5 in Maces & Flails
  3357 | D:2      | Reached skill level 1 in Shields
  3566 | D:3      | Reached XP level 6. HP: 54/71 MP: 6/6
  3842 | D:4      | Got a pitted cloak
  3848 | D:4      | Identified the -1 cloak "Hoti Ari" {Int-5 Dex+6} (You found it on level 4 of the Dungeon)
  4046 | D:4      | Noticed Gingerlord's ghost (amateur OgWn)
  4459 | D:4      | Found a staircase to the Ecumenical Temple.
  4466 | Temple   | Entered the Ecumenical Temple
  4526 | Temple   | Became a worshipper of Warmaster Okawaru
  4618 | D:4      | Reached XP level 7. HP: 72/79 MP: 7/7
  4742 | D:4      | Killed Gingerlord's ghost
  5259 | D:3      | Killed Quazifuji's ghost
  5380 | D:5      | Entered Level 5 of the Dungeon
  5413 | D:5      | Noticed Snicker's ghost (novice DsAs)
  5700 | D:5      | Killed Snicker's ghost
  5700 | D:5      | Reached XP level 8. HP: 82/89 MP: 8/8
  5785 | D:5      | Noticed Menkaure
  6142 | D:5      | Killed Menkaure
  6142 | D:5      | Reached * piety under Okawaru
  6620 | D:5      | Reached skill level 5 in Throwing
  6978 | D:6      | Found a stormy altar of Qazlal.
  6978 | D:6      | Found a sparkling altar of Nemelex Xobeh.
  6978 | D:6      | Found a basalt altar of Yredelemnul.
  6978 | D:6      | Found a shadowy altar of Dithmenos.
  7218 | D:6      | Reached XP level 9. HP: 97/100 MP: 9/9
  7697 | D:6      | Reached skill level 5 in Dodging
  7898 | D:6      | Reached ** piety under Okawaru
  8639 | D:7      | Found a glowing silver altar of Zin.
  8785 | D:7      | Reached skill level 10 in Fighting
  9202 | D:7      | Found a snail-covered altar of Cheibriados.
  9447 | D:8      | Found a radiant altar of Vehumet.
 10113 | D:8      | Reached *** piety under Okawaru
 10119 | D:8      | Reached skill level 1 in Invocations
 10131 | D:8      | Noticed a three-headed hydra
 10145 | D:8      | Killed a three-headed hydra
 10145 | D:8      | Received a gift from Okawaru
 10145 | D:8      | Reached **** piety under Okawaru
 10145 | D:8      | Reached XP level 10. HP: 59/111 MP: 7/11
 10155 | D:7      | HP: 5/111 [something (1)]
 10764 | D:8      | Reached skill level 10 in Maces & Flails
 11314 | D:8      | Found Jeqasah's General Store.
 11319 | D:8      | Bought a potion of heal wounds for 75 gold pieces
 11479 | D:9      | Found a sacrificial altar of Ru.
 11934 | D:9      | Reached XP level 11. HP: 45/122 MP: 14/14
 12437 | D:10     | Entered Level 10 of the Dungeon
 12924 | D:10     | Received a gift from Okawaru
 12939 | D:10     | Reached skill level 5 in Invocations
 12940 | D:10     | Reached ***** piety under Okawaru
 13316 | D:10     | Found a staircase to the Lair.
 13386 | D:10     | Received a gift from Okawaru
 13389 | D:10     | Got a brightly glowing giant spiked club {god gift}
 13390 | D:10     | Identified the +3 giant spiked club "Kinihy" {venom, Str+6 Dex+4} (Okawaru gifted it to you on level 10 of the Dungeon)
 13927 | Lair:1   | Entered Level 1 of the Lair of Beasts
 15120 | Lair:1   | Noticed a six-headed hydra
 15151 | Lair:1   | Killed a six-headed hydra
 15832 | Lair:1   | Reached XP level 12. HP: 80/133 MP: 16/16
 16202 | Lair:2   | HP: 2/133 [vampire mosquito (12)]
 16206 | Lair:2   | Slain by a vampire mosquito

Skill      XL: |  1  2  3  4  5  6  7  8  9 10 11 12 |
---------------+-------------------------------------+-----
Dodging        | 1 2 3 4 6 7 8 |  8.3
Throwing       | 2 3 4 5 6 7 8 |  8.8
Fighting       | 7 8 9 10 11 12 | 12.7
Maces & Flails | 5 6 7 9 10 11 12 | 12.0
Shields        | 1 2 3 |  3.1
Invocations    | 2 4 6 |  6.7
Stealth        | |  1.0

Action                   |  1- 3 |  4- 6 |  7- 9 | 10-12 || total
-------------------------+-------+-------+-------+-------++-------
Melee: Mace              |   116 |    95 |       |       ||   211
       Giant club        |       |     2 |   257 |   221 ||   480
       Giant spiked club |       |       |       |   127 ||   127
Invok: Heroism           |       |       |     1 |     5 ||     6
Evoke: Wand              |       |       |     2 |     4 ||     6
  Use: Potion            |     2 |     1 |     2 |     4 ||     9
       Scroll            |       |       |    14 |     4 ||    18
 Stab: Distracted        |       |       |     2 |       ||     2
       Sleeping          |       |       |     2 |     4 ||     6
       Confused          |       |       |     1 |       ||     1
       Petrifying        |       |       |     1 |       ||     1
  Eat: Meat ration       |     1 |     1 |       |     1 ||     3
       Chunk             |       |     5 |    12 |     2 ||    19
       Royal jelly       |       |       |     1 |       ||     1
       Pizza             |       |       |       |     6 ||     6
       Fruit             |       |       |       |     1 ||     1
       Bread ration      |       |       |       |     1 ||     1
Armor: Robe              |    28 |    18 |    29 |    48 ||   123
       Skin              |       |     2 |       |       ||     2
Dodge: Dodged            |    58 |    40 |   165 |   302 ||   565
